 Dungeon Crawl Stone Soup version 0.29-a0-555-g3b24f45cc1 (console) character file.

Game seed: 18040268287930647728

37 om the Stinger (level 3, -2/24 HPs)
             Began as a Demonspawn Venom Mage on June 7, 2022.
             Slain by a gnoll
             ... wielding a +0 club
              (5 damage)
             ... on level 1 of the Dungeon.
             The game lasted 00:03:07 (1719 turns).

om the Stinger (Demonspawn Venom Mage)              Turns: 1719, Time: 00:03:08

Health: -2/24      AC:  4    Str: 15 (16) XL:     3   Next: 23%
Magic:  3/6        EV: 12    Int: 16      God:
Gold:   65         SH:  0    Dex: 12 (13) Spells: 3/6 levels left

rFire   . . .      SeeInvis .   f - +0 short sword
rCold   . . .      Faith    .   (no shield)
rNeg    . . .      Spirit   .   a - +0 robe
rPois   .          Reflect  .   (no helmet)
rElec   .          Harm     .   (no cloak)
rCorr   .          Rampage  .   (no gloves)
Will    .....                   (no boots)
Stlth   ++........              (no amulet)
HPRegen 0.08/turn               g - +6 ring of strength
MPRegen 0.10/turn               (no ring)

@: no status effects
A: slimy green scales 1
a: no special abilities


You were on level 1 of the Dungeon.
You visited 1 branch of the dungeon, and saw 2 of its levels.

You collected 65 gold pieces.

Inventory:

Hand Weapons
 c - a +0 hand axe
 f - a +0 short sword (weapon)
Armour
 a - a +0 robe (worn)
Jewellery
 g - a +6 ring of strength (left hand)
 l - a ring of protection from cold
Scrolls
 d - 2 scrolls of fog
Potions
 e - a potion of ambrosia {unknown}
 h - a potion of resistance
 i - a potion of mutation {unknown}
 k - 2 potions of curing


   Skills:
 + Level 0.2 Short Blades
 + Level 2.1 Dodging
 + Level 1.9 Stealth
 + Level 2.2 Spellcasting
 + Level 1.1 Transmutations
 * Level 3.6 Poison Magic


You had 3 spell levels left.
You knew the following spells:

 Your Spells              Type           Power      Damage    Failure   Level
a - Sting                 Tmut/Pois      36%        1d4       8%          1
b - Poisonous Vapours     Pois/Air       14%        N/A       14%         2

Your spell library contained the following spells:

 Spells                   Type           Power      Damage    Failure   Level
 Mephitic Cloud           Conj/Pois/Air  5%         N/A       36%         3
 Ozocubu's Armour         Ice            1%         N/A       52%         3
 Olgreb's Toxic Radiance  Pois           13%        N/A       41%         4
 Metabolic Englaciation   Hex/Ice        0%         N/A       99%         5
 Simulacrum               Ice/Necr       0%         N/A       100%        6


Dungeon Overview and Level Annotations

Branches:
Dungeon (2/15)

Altars:


Innate Abilities, Weirdness & Mutations

You are partially covered in slimy green scales. (AC +2)


Message History

It is a scroll of identify.
k - 3 potions of curing The gnoll hits you with a +0 club.
* * * LOW HITPOINT WARNING * * *
Okay, then.
You feel better. The gnoll hits you with a +0 club.
Aiming: Sting (safe; 8% risk of failure)
Press: ? - help, Q - select action, (/) - cycle Shift-Dir - straight line, f - gnoll
Aim: a gnoll, wielding a +0 club (72% to hit)
The sting misses the gnoll.
The gnoll hits you with a +0 club.
You don't have enough magic to cast this spell.
Magic courses through your body. The gnoll hits you with a +0 club.
Aiming: Sting (safe; 8% risk of failure)
Press: ? - help, Q - select action, (/) - cycle Shift-Dir - straight line, f/p - gnoll
Aim: a gnoll, wielding a +0 club (72% to hit)
The sting hits the gnoll.
The gnoll is poisoned.
The gnoll is lightly wounded.
The gnoll hits you with a +0 club.
Aiming: Sting (safe; 8% risk of failure)
Press: ? - help, Q - select action, (/) - cycle Shift-Dir - straight line, f/p - gnoll
Aim: a gnoll, wielding a +0 club (moderately wounded, poisoned, 72% to hit)
The sting hits the gnoll but does no damage.
The gnoll looks even sicker.
The gnoll is moderately wounded.
The gnoll closely misses you.
Aiming: Sting (safe; 8% risk of failure)
Press: ? - help, Q - select action, (/) - cycle Shift-Dir - straight line, f/p - gnoll
Aim: a gnoll, wielding a +0 club (moderately wounded, very poisoned, 72% to hit)
The sting hits the gnoll.
The gnoll looks even sicker.
The gnoll is moderately wounded.
The gnoll hits you with a +0 club.
* * * LOW HITPOINT WARNING * * *
Aiming: Sting (safe; 8% risk of failure)
Press: ? - help, Q - select action, (/) - cycle Shift-Dir - straight line, f/p - gnoll
Aim: a gnoll, wielding a +0 club (severely wounded, very poisoned, 72% to hit)
The sting hits the gnoll.
The gnoll looks as sick as possible!
The gnoll is severely wounded.
The gnoll hits you with a +0 club.
You die...

##.#.##..####....###.#.###.......
.................................
#....##.##.##....###.#.####.##...
#.##.#.....(.....# #.#### #.##...
#.##.#...........# #.#..###......
..##.#.....###>..###.#....###....
####.#..##...........#......#####
................g###.#........###
........##.###.#@....#..##......#
##.#.#.###.###.#.....#..####.....
##.#.................#<.# ###...
##.#>#.###..##.......#..####.....
##.#.#.............(.#..##......#
##.#.#.###..###..###.#........###
##.#.............# #.#......####.
##.###.###.......# #.#....######.
##.# #.# #.......# #.#..####.....


You could see a gnoll (extremely poisoned).

Vanquished Creatures
  A gnoll (D:2)
  An adder (D:2)
  An endoplasm (D:1)
  A giant cockroach (D:1)
  A goblin (D:1)
  3 hobgoblins
  3 kobolds (D:1)
  2 quokkas (D:2)
  A ball python (D:1)
  A frilled lizard (D:1)
  4 rats (D:1)
19 creatures vanquished.

Notes
Turn   | Place    | Note
-------+----------+-------------------------------------------
     0 | D:1      | om the Demonspawn Venom Mage began the quest for the Orb.
     0 | D:1      | Reached XP level 1. HP: 13/13 MP: 3/3
   595 | D:1      | Reached skill level 1 in Transmutations
   630 | D:1      | Gained mutation: You are partially covered in slimy green
                  | scales. (AC +2) [demonic ancestry]
   630 | D:1      | Reached XP level 2. HP: 4/19 MP: 0/5
  1436 | D:2      | Learned a level 2 spell: Poisonous Vapours
  1706 | D:2      | Reached XP level 3. HP: 19/24 MP: 0/6
  1719 | D:1      | Slain by a gnoll

Illustrated notes

Levels and vault maps discovered:
D:1:      lemuel_arrival_funnel, layout_basic
D:2:      layout_basic, shapermc_ecumenical_altar_mp_ritualfount,
          kennysheep_donut, minmay_indecisive_spiral, uniq_jessica, uniq_terence

Skill      XL: |  1  2 |
---------------+-------+-----
Transmutations | 1 |  1.1
Dodging        | 2 |  2.1
Short Blades   | |  0.2
Stealth        | |  1.9
Spellcasting   | |  2.2
Poison Magic   | |  3.6

Action                   || total
-------------------------++-------
Melee: Hand axe          ||    10
       Short sword       ||    41
 Cast: Sting             ||    19
       Poisonous Vapours ||     2
  Use: Potion            ||     4
       Scroll            ||     3
 Stab: Sleeping          ||     3
Armor: Robe              ||    15
Dodge: Dodged            ||    42

Table legend: (Time is in decaauts)
 A = Elapsed time spent in this place.
 B = Non-inter-level travel time spent in this place.
 C = Inter-level travel time spent in this place.
 D = Time resting spent in this place.
 E = Time spent auto-exploring this place.
 F = Levels seen in this place.
 G = Mean time per level.
                   A        B        C        D        E       F      G
               +--------+--------+--------+--------+--------+-----+--------+
         Total |   1725 |   1649 |     76 |    554 |    848 |   2 |  862.5 |
       Dungeon |   1725 |   1649 |     76 |    554 |    848 |   2 |  862.5 |
               +--------+--------+--------+--------+--------+-----+--------+

Top non-repeatable levels by time:
     D:1: 1398 daAuts
     D:2: 326 daAuts
